 Dungeon Crawl Stone Soup version 0.26-a0-812-g31a745ddcd (webtiles) character file.

Game seed: 2378948116884463152

134 kae the Insei (level 5, -8/38 HPs)
             Began as a Human Transmuter on Nov 25, 2020.
             Killed from afar by a white imp (9 damage)
             ... with a puff of frost
             ... summoned by Natasha
             ... on level 3 of the Dungeon.
             The game lasted 00:01:27 (2700 turns).

kae the Insei (Human Transmuter)                    Turns: 2700, Time: 00:01:27

Health: -8/38      AC:  3    Str: 12    XL:     5   Next: 40%
Magic:  8/8        EV: 13    Int: 13    God:
Gold:   30         SH:  0    Dex: 13    Spells: 4/8 levels left

rFire    . . .     SeeInvis .     - Unarmed
rCold    . . .     Faith    .   (no shield)
rNeg     . . .     Spirit   .   a - +0 robe
rPois    .         Reflect  .   (no helmet)
rElec    .         Harm     .   j - +0 cloak
rCorr    .         Rampage  .   (no gloves)
MR       .....                  (no boots)
Stlth    +.........             (no amulet)
HPRegen  0.12/turn              (no ring)
MPRegen  0.11/turn              (no ring)

@: no status effects
A: no striking features
a: no special abilities


You were on level 3 of the Dungeon.
You visited 1 branch of the dungeon, and saw 3 of its levels.

You collected 30 gold pieces.

Inventory:

Armour
 a - a +0 robe (worn)
 j - a +0 cloak (worn)
Wands
 i - a wand of digging (4)
Scrolls
 b - a scroll of magic mapping {unknown}
 c - a scroll of amnesia {unknown}
 g - a scroll of immolation {unknown}
 h - a scroll of enchant armour {unknown}
Potions
 d - a potion of might {unknown}
 e - a potion of curing {unknown}
 f - a potion of flight {unknown}


   Skills:
 + Level 1.8 Fighting
 + Level 2.4 Dodging
 * Level 3.8 Unarmed Combat
 + Level 2.4 Spellcasting
 * Level 3.1 Transmutations
 * Level 1.3 Poison Magic


You had 4 spell levels left.
You knew the following spells:

 Your Spells              Type           Power        Failure   Level
a - Beastly Appendage     Tmut           #.....       7%          1
b - Spider Form           Tmut/Pois      #.........   28%         3

Your spell library contained the following spells:

 Spells                   Type           Power        Failure   Level
 Wereblood                Tmut           #.......     11%         2
 Ice Form                 Ice/Tmut       #.......     78%         4
 Blade Hands              Tmut           #.........   88%         5


Dungeon Overview and Level Annotations

Branches:
Dungeon (3/15)

Altars:

Annotations:
D:3 Natasha


Message History

You hit Natasha. You punch Natasha.
Natasha is severely wounded.
Natasha casts a spell.
The white imp gestures at you. The puff of frost misses you.
Natasha closely misses you.
You closely miss Natasha.
Natasha is severely wounded.
The white imp hits you. The white imp freezes you. Natasha claws you!
* * * LOW HITPOINT WARNING * * *
You completely miss Natasha.
Natasha is severely wounded.
You feel yourself speed up. The white imp hits you.
* * * LOW HITPOINT WARNING * * *
The white imp freezes you.
* * * LOW HITPOINT WARNING * * *
Natasha misses you. The white imp gestures at you. The puff of frost hits you!
You die...

########..#
#.>.......#
#.........# .
#.........###.
##.............
#...........#
#...........#
#....<......#..#
#..<@h..........
#...5..##.......
#......# ...#...
#......# .......
#......# .#.....
#......# .#.....
#......# .# ....
.......# .. ....


You could see Natasha and a white imp (summoned).

Vanquished Creatures
  Crazy Yiuf (D:2)
  Natasha (D:3)
  4 adders (D:2)
  A worm (D:2)
  2 dart slugs
  A leopard gecko (D:2)
  An orc (D:2)
  A giant cockroach (D:1)
  5 goblins
  5 hobgoblins (D:2)
  A quokka (D:2)
  A ball python (D:2)
  5 bats
  4 frilled lizards
  4 kobolds
  5 rats
42 creatures vanquished.

Notes
Turn   | Place    | Note
-------+----------+-------------------------------------------
     0 | D:1      | kae the Human Transmuter began the quest for the Orb.
     0 | D:1      | Reached XP level 1. HP: 15/15 MP: 3/3
   252 | D:1      | Reached XP level 2. HP: 17/21 MP: 5/5
   784 | D:2      | Reached XP level 3. HP: 20/26 MP: 4/6
   789 | D:2      | Learned a level 3 spell: Spider Form
  1353 | D:2      | Reached XP level 4. HP: 25/32 MP: 5/7
  1491 | D:2      | Found a runed translucent door.
  1492 | D:2      | Noticed Crazy Yiuf
  2081 | D:2      | Killed Crazy Yiuf
  2081 | D:2      | Reached skill level 1 in Poison Magic
  2081 | D:2      | Reached XP level 5. HP: 21/37 MP: 4/8
  2264 | D:3      | Noticed Natasha
  2504 | D:3      | Killed Natasha
  2512 | D:3      | Noticed Natasha
  2700 | D:3      | HP: 1/38 [white imp[Natasha] (3)]
  2700 | D:3      | Killed from afar by a white imp

Illustrated notes

Levels and vault maps discovered:
D:1:      minmay_arrival_shattered_statue, layout_basic
D:2:      minmay_skewed_foursquare, layout_loops_cross,
          nemelex_dance_club_becter, uniq_crazy_yiuf_cottage
D:3:      layout_basic, uniq_natasha, uniq_terence

Skill      XL: |  1  2  3  4  5 |
---------------+----------------+-----
Poison Magic   | 1 |  1.3
Transmutations | 3 |  3.1
Fighting       | |  1.8
Dodging        | |  2.4
Unarmed Combat | |  3.8
Spellcasting   | |  2.4

Action                   |  1- 3 |  4- 6 || total
-------------------------+-------+-------++-------
Melee: Unarmed           |    65 |    63 ||   128
       Headbutt          |    12 |     1 ||    13
       Kick              |    11 |     1 ||    12
       Punch             |       |     2 ||     2
 Cast: Beastly Appendage |    19 |     4 ||    23
       Spider Form       |     1 |     5 ||     6
Armor: Robe              |    21 |     4 ||    25
       Skin              |       |     1 ||     1
Dodge: Dodged            |    49 |    52 ||   101

Table legend: (Time is in decaauts)
 A = Elapsed time spent in this place.
 B = Non-inter-level travel time spent in this place.
 C = Inter-level travel time spent in this place.
 D = Time resting spent in this place.
 E = Time spent auto-exploring this place.
 F = Levels seen in this place.
 G = Mean time per level.
                   A        B        C        D        E       F      G
               +--------+--------+--------+--------+--------+-----+--------+
         Total |   2700 |   2625 |     75 |    710 |   1554 |   3 |  900.0 |
       Dungeon |   2700 |   2625 |     75 |    710 |   1554 |   3 |  900.0 |
               +--------+--------+--------+--------+--------+-----+--------+

Top non-repeatable levels by time:
     D:2: 1665 daAuts
     D:1: 975 daAuts
     D:3: 60 daAuts
